Map: Ruins of Seras

Players

ChronicFear - Winner!

  • Race: Zerg Zerg
  • League: Grandmaster

Killerbeaz - Winner!

  • Race: Zerg Zerg
  • League: Silver

OptimusPrime

  • Race: Protoss Protoss
  • League: Grandmaster

Sanguinarius

  • Race: Protoss Protoss
  • League: Grandmaster

VOD

Have the link to the VOD?

Description

Time

  • Played on: Sept. 10, 2015, 8:20 p.m.
  • Length: 4:40
Show
View Real Time Build Order
Export as new Build Order

ChronicFear Zerg - Winner!

Build Orders: Pool First 

Get SALT Encoding   

  12  0:01  Drone  
  13  0:08  Drone  
  14  0:26  Spawning Pool  
  13  0:33  Drone  
  14  0:38  Overlord  
  14  0:43  Extractor  
  13  0:51  Drone  
  14  1:01  Drone x2  
  16  1:07  Drone  
  17  1:12  Queen  
  17  1:18  Drone  
  20  1:27  Overlord  
  20  1:39  Drone  
  21  1:45  Metabolic Boost  
  21  1:53  Zergling x2  
  22  2:02  Hatchery  
  21  2:13  Zergling x2  
  21  2:14  Zergling x2  
  23  2:21  Zergling x6  
  26  2:29  Baneling Nest  
  25  2:32  Overlord  
  25  2:47  Queen  
  25  2:49  Zergling x2  
  28  2:54  Drone  
  28  2:55  Drone  
  30  3:07  Zergling x6  
  32  3:21  Zergling x4  
  34  3:29  Baneling  
  34  3:30  Baneling x3  
  34  3:31  Baneling x2  
  34  3:32  Zergling x4  
  36  3:44  Zergling x6  
  39  3:48  Drone  
  39  3:49  Drone  
  41  3:57  Overlord  
  38  4:09  Zergling x4  
  41  4:10  Zergling x4  
  41  4:14  Zergling x2  
Show
View Real Time Build Order
Export as new Build Order

Killerbeaz Zerg - Winner!

Build Orders:  

Get SALT Encoding   

  12  0:00  Probe (Chrono Boost)  
  13  0:11  Probe (Chrono Boost)  
  14  0:21  Probe (Chrono Boost)  
  15  0:24  Pylon  
  15  0:42  Probe (Chrono Boost)  
  16  0:49  Assimilator  
  16  0:52  Probe (Chrono Boost)  
  17  0:59  Gateway  
  17  1:02  Probe (Chrono Boost)  
  18  1:04  Pylon  
  18  1:07  Assimilator  
  18  1:12  Probe (Chrono Boost)  
  19  1:22  Probe (Chrono Boost)  
  19  1:24  Pylon  
  20  1:32  Probe (Chrono Boost)  
  21  1:41  Pylon  
  21  1:43  Probe (Chrono Boost)  
  22  1:49  Cybernetics Core  
  22  1:53  Probe (Chrono Boost)  
  23  2:02  Pylon  
  23  2:03  Probe (Chrono Boost)  
  24  2:14  Probe (Chrono Boost)  
  25  2:20  Warp Gate  
  25  2:23  Forge  
  25  2:32  Gateway  
  27  2:38  Mothership Core (Chrono Boost)  
  27  2:50  Zealot  
  27  2:53  Gateway x2  
  28  3:09  Pylon  
  26  3:14  Probe (Chrono Boost)  
  26  3:26  Probe (Chrono Boost)  
  27  3:34  Stalker  
  27  3:38  Probe (Chrono Boost)  
  30  3:44  Stalker  
  32  3:49  Adept  
  32  3:50  Probe (Chrono Boost)  
  35  4:01  Pylon  
  34  4:03  Probe (Chrono Boost)  
  30  4:26  Probe (Chrono Boost)  
Show
View Real Time Build Order
Export as new Build Order

OptimusPrime Protoss 

Build Orders:  

Get SALT Encoding   

Show
View Real Time Build Order
Export as new Build Order

Sanguinarius Protoss 

Build Orders:  

Get SALT Encoding   

Tags
 
Add a new tag
Caveats
  • Supply blocks, unpowered buildings, or Contaminate may cause inaccurate times.
  • Supply counts are checked every 10 seconds.